 Dungeon Crawl Stone Soup version 0.30-a0-802-gb92711bcdf (webtiles) character file.

Game seed: 14644697475319325819

69653 Esekla the Thaumaturge (level 15, -1/103 HPs)
             Began as an Octopode Delver on Feb 23, 2023.
             Was an Initiate of Gozag.
             Slain by a centaur warrior (11 damage)
             ... on level 12 of the Dungeon on Feb 24, 2023.
             The game lasted 03:10:33 (28773 turns).

Esekla the Thaumaturge (Octopode Delver)           Turns: 28773, Time: 03:10:34

Health: -1/103     AC: 14    Str: 18    XL:     15   Next: 30%
Magic:  31/31      EV: 26    Int: 24    God:    Gozag
Gold:   223        SH:  7    Dex: 26    Spells: 19/38 levels left

rFire   + . .      SeeInvis +    g - +2 dagger (protect)
rCold   . . .      Faith    .    D - +0 buckler
rNeg    . . .      Spirit   .    d - +2 hat
rPois   .          Reflect  .    E - amulet of magic regeneration
rElec   +          Harm     .    V - ring of see invisible
rCorr   .          Rampage  .    u - +6 ring of strength
Will    +++..                    j - ring of protection from fire
Stlth   ++++++                   K - ring of Caunwuv {rElec Int+2 Dex+6}
HPRegen 0.37/turn                m - +4 ring of protection
MPRegen 0.62/turn                Q - ring "Coteved" {EV+5 Int+3}
                                 R - ring of Erphu {Will++ Dex+6}
                                 t - +4 ring of slaying

@: about to teleport, under a protective aura
A: almost no armour, amphibious, 8 rings, camouflage 1, gelatinous body 1,
(nimble swimmer 1), tentacles
a: Renounce Religion, Potion Petition, Call Merchant, Bribe Branch


You were on level 12 of the Dungeon.
You worshipped Gozag.
Gozag was aware of your devotion.
You visited 4 branches of the dungeon, and saw 20 of its levels.
You also visited: Ossuary.

You collected 7357 gold pieces.
You spent 6610 gold pieces at shops.
You paid 524 gold pieces to Gozag.

Inventory:

Hand Weapons
 a - a +2 heavy falchion
 g - a +2 dagger of protection (weapon)
 r - a +2 trident of protection
 s - the +6 dagger "Giantslayer" {heavy, rPois Will- Str+3 Int+3}
   (You found it on level 2 of the Dungeon)

   Str:       It affects your strength (+3).
   Int:       It affects your intelligence (+3).
   rPois:     It protects you from poison.
   Will:      It decreases your willpower.
Missiles
 k - 21 boomerangs (quivered)
 v - 40 poisoned darts
 y - 4 silver boomerangs
 z - 8 curare-tipped darts
 B - 8 javelins
Armour
 d - a +2 hat (worn)
 D - a +0 buckler (worn)
Jewellery
 j - a ring of protection from fire (on tentacle)
 m - a +4 ring of protection (on tentacle)
 t - a +4 ring of slaying (on tentacle)
 u - a +6 ring of strength (right tentacle)
 E - an amulet of magic regeneration (around mantle)
 I - an amulet of regeneration
 J - a ring of poison resistance
 K - the ring of Caunwuv (on tentacle) {rElec Int+2 Dex+6}
   (You bought it in a shop on level 11 of the Dungeon)

   [ring of dexterity]

   Int:       It affects your intelligence (+2).
   Dex:       It affects your dexterity (+6).
   rElec:     It insulates you from electricity.
 Q - the ring "Coteved" (on tentacle) {EV+5 Int+3}
   (You bought it in a shop on level 11 of the Dungeon)

   [ring of evasion]

   EV:        It affects your evasion (+5).
   Int:       It affects your intelligence (+3).
 R - the ring of Erphu (on tentacle) {Will++ Dex+6}
   (You bought it in a shop on level 11 of the Dungeon)

   [ring of dexterity]

   Dex:       It affects your dexterity (+6).
   Will:      It greatly increases your willpower.
 V - a ring of see invisible (left tentacle)
Wands
 f - a wand of digging (10)
 G - a wand of roots (11)
 S - a wand of light (7)
 U - a wand of mindburst (3)
Scrolls
 b - 8 scrolls of fog
 c - 5 scrolls of magic mapping
 h - 2 scrolls of poison
 p - 7 scrolls of teleportation
 x - 2 scrolls of blinking
 A - 2 scrolls of brand weapon
 H - 5 scrolls of amnesia
Potions
 e - 4 potions of haste
 i - 7 potions of mutation
 l - 6 potions of flight
 n - 5 potions of attraction
 o - 16 potions of curing
 q - 2 potions of cancellation
 w - a potion of resistance {unknown}
 C - a potion of brilliance {unknown}
 F - 3 potions of invisibility
 L - 4 potions of lignification
 M - 3 potions of berserk rage
 N - a potion of ambrosia {unknown}
 O - 2 potions of heal wounds
 P - 2 potions of magic
 T - a potion of might {unknown}


   Skills:
 * Level 9.6 Fighting
 + Level 4.3(7.3) Short Blades
 * Level 9.3(9.8) Long Blades
 + Level 3.6 Throwing
 * Level 9.0 Dodging
 - Level 9.0 Stealth
 + Level 5.3 Shields
 * Level 12.1 Spellcasting
 + Level 4.9 Conjurations
 + Level 3.3 Translocations
 + Level 4.9 Transmutations
 + Level 5.4 Fire Magic
 * Level 6.5 Ice Magic
 + Level 7.0 Air Magic
 + Level 8.9 Poison Magic
 + Level 0.1 Evocations


You had 19 spell levels left.
You knew the following spells:

 Your Spells              Type           Power      Damage    Failure   Level
b - Blink                 Tloc           60%        N/A       1%          2
c - Mephitic Cloud        Conj/Pois/Air  48%        N/A       1%          3
e - Searing Ray           Conj           76%        2d7       1%          2
n - Ignite Poison         Fire/Tmut/Pois 45%        N/A       1%          3
o - Scorch                Fire           80%        2d9       1%          2
v - Poisonous Vapours     Pois/Air       100%       N/A       1%          2
z - Freezing Cloud        Conj/Ice/Air   22%        6-21      12%         5

Your spell library contained the following spells:

 Spells                   Type           Power      Damage    Failure   Level
 Kiss of Death            Conj/Necr      100%       2d13      1%          1
 Magic Dart               Conj           100%       1d8       1%          1
 Shock                    Conj/Air       100%       1d9       1%          1
 Cigotuvi's Dreadful Rot  Necr/Pois/Air  80%        N/A       1%          2
 Lesser Beckoning         Tloc           60%        N/A       1%          2
 Momentum Strike          Conj/Tloc      68%        3d9       1%          2
 Static Discharge         Conj/Air       86%        2-6/arc   1%          2
 Spider Form              Tmut/Pois      47%        N/A       1%          3
 Teleport Other           Tloc           30%        N/A       4%          3
 Flame Wave               Conj/Fire      39%        2d11      6%          4
 Alistair's Intoxication  Tmut/Pois      31%        N/A       9%          5
 Arcjolt                  Conj/Air       21%        1d31      13%         5
 Manifold Assault         Tloc           30%        N/A       14%         4
 Fulminant Prism          Conj/Hex       13%        3d9       19%         4
 Silence                  Hex/Air        15%        N/A       34%         5
 Cause Fear               Hex            7%         N/A       47%         4
 Conjure Ball Lightning   Conj/Air       21%        3x3d6     56%         6
 Summon Forest            Summ/Tloc      11%        N/A       58%         5
 Storm Form               Tmut/Air       21%        N/A       98%         7
 Dragon Form              Tmut           19%        N/A       99%         7
 Summon Cactus Giant      Summ           7%         N/A       100%        6
 Haunt                    Necr/Summ      7%         N/A       100%        7
 Infestation              Necr           7%         N/A       100%        8
 Lehudib's Crystal Spear  Conj/Erth      13%        10d4      100%        8
 Dragon's Call            Summ           7%         N/A       100%        9
 Fire Storm               Conj/Fire      19%        8d5       100%        9
 Animate Dead             Necr           Unusable   N/A       N/A         4

Dungeon Overview and Level Annotations

Branches:
Dungeon (12/15)            Temple (1/1) D:5            Lair (5/5) D:11
  Swamp (0/4) Lair:3        Snake (0/4) Lair:3        Slime (0/5) Lair:4
    Orc (2/2) D:10            Elf (0/3) Orc:2       Ossuary (visited)

Altars:
Ashenzari
Dithmenos
Elyvilon
Fedhas
Gozag
Hepliaklqana
Kikubaaqudgha
Makhleb
Nemelex Xobeh
Okawaru
Qazlal
Ru
Sif Muna
Trog
Vehumet
Xom
Yredelemnul
The Shining One
Jiyva

Shops:
D:4 :(   D:7 [   D:11 ==   Orc:2 *[(?!

Annotations:
D:5 2 runed translucent doors, domi's ghost, novice DsCj
D:10 exclusion: 2 statues
Lair:1 2 transporters, tatocazan's ghost, novice DsBe
Lair:2 2 transporters, Popcorn's ghost, journeyman FoFi


Innate Abilities, Weirdness & Mutations

You cannot wear most types of armour.
You are amphibious.
You can wear up to eight rings at the same time.
Your skin changes colour to match your surroundings (Stealth+).
Your rubbery body absorbs attacks. (AC +1, EV +1)
((You are camouflaged when in or above water. (Stealth+)))
You have tentacles for arms and can constrict up to eight enemies at once.


Message History

Casting: Mephitic Cloud (safe; 1% risk of failure)
Confirm with . or Enter, or press ? or * to list all spells.
Aiming: Poisonous Vapours (safe; 1% risk of failure)
Press: ? - help, Dir - move target, f/p - deep troll earth mage
Aim: a deep troll earth mage (lightly wounded, very poisoned)
Okay, then.
Casting: Poisonous Vapours (safe; 1% risk of failure)
Confirm with . or Enter, or press ? or * to list all spells.
Aiming: Mephitic Cloud (safe; 1% risk of failure)
Press: ? - help, Shift-Dir - straight line, f/p - deep troll earth mage
Aim: a deep troll earth mage (lightly wounded, very poisoned, chance to affect: 43%)
Okay, then.
Unknown command.
The centaur warrior shouts!
You hit the deep troll earth mage.
You squeeze the deep troll earth mage, but do no damage.
The deep troll earth mage is moderately wounded.
The deep troll earth mage bites you but does no damage.
The deep troll earth mage completely misses you.
The deep troll earth mage barely misses you.
The centaur warrior wields a +0 shortbow.
The centaur warrior shoots an arrow.
The arrow hits you!
* * * LOW HITPOINT WARNING * * *
The centaur warrior hits you but does no damage.
The centaur warrior kicks you.
* * * LOW HITPOINT WARNING * * *
You hear a shout!
The centaur warrior completely misses you.
The centaur warrior kicks you.
* * * LOW HITPOINT WARNING * * *
The centaur warrior completely misses you.
You block the centaur warrior's attack.
A deep troll earth mage comes into view.
The deep troll earth mage casts a spell next to you.
The metal wall shatters!
The blast of metal fragments hits you!!
* * * LOW HITPOINT WARNING * * *
The phantasmal warrior gestures at you.
The phantasmal warrior blinks!
The centaur warrior hits you!
You die...
Your body crumbles into a pile of gold.

..########## ..
..##.......## .
..'.........## .
..##....?....##.
..########....T#
... ##...ยง##
... ##..c.##
.... #.T'#..c.##
.... #...
##T.@.# .. #...
##...# $.. #...#
/$ #W..# $ #
#...# $ #...# #
#...# # ##.##$ #


You could see 2 centaur warriors, a phantasmal warrior and 2 deep troll earth
magi.

Vanquished Creatures
  Kirke (Lair:5)
  Nessos (Lair:5)
  A fire dragon (Lair:5)
  An ice dragon (Lair:3)
  3 hydras
  2 catoblepae
  6 two-headed ogres
  5 death yaks (Lair:5)
  4 orc high priests (Orc:2)
  Nergalle (D:10)
  Urug (Lair:2)
  3 skysharks
  A lindwurm (Lair:5)
  5 orc knights
  A deep elf pyromancer (D:12)
  Pikel (D:5)
  2 cyclopes (D:11)
  5 orc sorcerers
  3 molten gargoyles (Lair:5)
  8 black mambas
  3 elephants (Lair:3)
  9 cane toads
  A gargoyle (D:12)
  2 rime drakes
  13 komodo dragons
  4 trolls
  5 polar bears
  A merfolk (D:8)
  2 tyrant leeches (Lair:3)
  3 hornets
  31 blink frogs
  6 wyverns
  5 hogs
  62 yaks
  2 steam dragons
  Eustachio (D:6)
  5 basilisks
  Edmund (D:5)
  A naga (Lair:3)
  3 wargs (Orc:2)
  2 acid dragons
  14 water moccasins
  4 hell hounds (Lair:5)
  Duvessa (D:5)
  25 orc warriors
  2 ice beasts (D:6)
  A sky beast (D:6)
  10 black bears (D:8)
  22 wolves
  2 centaurs
  5 ogres
  6 kobold brigands
  4 lemures (D:5)
  2 phantoms
  A necrophage (D:6)
  28 bullfrogs
  7 scorpions
  2 gnoll sergeants
  5 wights (D:9)
  Dowan (D:5)
  16 electric eels
  8 howler monkeys
  5 lava snakes (Lair:5)
  6 hounds
  A human zombie (Ossuary)
  2 jellies (D:2)
  A gnoll bouda (D:8)
  24 orc priests
  22 orc wizards
  2 scorpion zombies (Ossuary)
  4 iguanas
  7 hell rats (Lair:5)
  3 mummies (Ossuary)
  Robin (D:2)
  3 gnolls (D:12)
  2 adders
  A white imp (D:6)
  3 ufetubi
  2 worms (D:2)
  3 dart slugs
  54 orcs
  6 ball pythons
  5 bats
  19 endoplasms
  2 giant cockroaches (D:4)
  2 gnoll zombies (Ossuary)
  21 goblins
  12 hobgoblins
  10 jackals
  33 kobolds
  6 quokkas
  5 frilled lizards
  A goblin zombie (D:6)
  3 hobgoblin zombies (Ossuary)
  A jackal zombie (D:6)
  2 kobold zombies (Ossuary)
  6 orc zombies (Ossuary)
  4 rats
  6 bushes (D:10)
673 creatures vanquished.

Vanquished Creatures (others)
  2 orcs (Orc:1)
  55 fungi
  129 plants
  4 toadstools (D:2)
190 creatures vanquished.

Grand Total: 863 creatures vanquished

Notes
Turn   | Place    | Note
-------+----------+-------------------------------------------
     0 | D:5      | Esekla the Octopode Delver began the quest for the Orb.
     0 | D:5      | Reached XP level 1. HP: 16/16 MP: 1/1
    29 | D:5      | Found a staircase to the Ecumenical Temple.
    38 | Temple   | Entered the Ecumenical Temple
   102 | Temple   | Became a worshipper of Gozag Ym Sagoz the Greedy
   145 | D:5      | Noticed Dowan
   193 | D:5      | Noticed a hound
   196 | D:4      | Found Pourog's Weapon Boutique.
   257 | D:4      | Reached XP level 2. HP: 16/21 MP: 2/2
   491 | D:3      | Found a white marble altar of Elyvilon.
   770 | D:2      | Noticed Robin
   917 | D:2      | Reached XP level 3. HP: 26/26 MP: 3/3
  1024 | D:2      | Identified the +6 dagger "Giantslayer" {heavy, rPois Will-
                  | Str+3 Int+3}
  1481 | D:1      | Found a faded altar of an unknown god.
  1494 | D:1      | Reached XP level 4. HP: 25/31 MP: 5/5
  2237 | D:2      | Killed Robin
  2466 | D:2      | Reached XP level 5. HP: 20/36 MP: 6/6
  2562 | D:2      | Reached skill level 1 in Spellcasting
  2562 | D:2      | Reached skill level 1 in Translocations
  3004 | D:2      | Learned a level 2 spell: Blink
  3333 | D:3      | Found a shimmering blue altar of Sif Muna.
  3333 | D:3      | Found a glowing golden altar of the Shining One.
  3749 | D:4      | Reached XP level 6. HP: 43/43 MP: 7/7
  3765 | D:4      | Reached skill level 1 in Short Blades
  4142 | D:4      | Found Buanuerix's Tremendous Tomes.
  5618 | D:4      | Reached XP level 7. HP: 48/48 MP: 9/9
  5767 | D:4      | Bought the Codex of Fulgurous Vitiation for 700 gold pieces
  5770 | D:4      | Learned a level 2 spell: Poisonous Vapours
  5774 | D:4      | Learned a level 3 spell: Mephitic Cloud
  5871 | D:5      | Noticed Pikel
  6012 | D:5      | Noticed Edmund
  6290 | D:5      | Killed Edmund
  6291 | D:5      | Reached skill level 1 in Throwing
  6291 | D:5      | Reached skill level 2 in Spellcasting
  6291 | D:5      | Reached skill level 1 in Air Magic
  6291 | D:5      | Reached skill level 1 in Poison Magic
  6398 | D:5      | Reached skill level 1 in Conjurations
  6557 | D:5      | Killed Pikel
  6558 | D:5      | Reached XP level 8. HP: 53/54 MP: 2/11
  6972 | D:5      | Found a runed translucent door.
  7021 | D:5      | Noticed domi's ghost (novice DsCj)
  7133 | D:5      | Found a runed translucent door.
  7230 | D:5      | Noticed Duvessa
  7274 | D:5      | Killed Duvessa
  7278 | D:5      | Killed Dowan
  7514 | D:5      | Reached skill level 3 in Spellcasting
  7655 | D:6      | Noticed Eustachio
  7758 | D:6      | Reached XP level 9. HP: 60/60 MP: 13/13
  7827 | D:6      | Killed Eustachio
  7861 | D:6      | Found a sand-covered staircase.
  7913 | D:6      | Reached skill level 5 in Fighting
  7955 | Ossuary  | Entered an ossuary
  8194 | Ossuary  | Reached skill level 1 in Transmutations
  8198 | Ossuary  | Reached skill level 1 in Fire Magic
  8459 | D:6      | Found a basalt altar of Yredelemnul.
  8792 | D:7      | Found a sparkling altar of Nemelex Xobeh.
  8792 | D:7      | Found a sacrificial altar of Ru.
  8794 | D:7      | Found an iron altar of Okawaru.
  8845 | D:7      | Found a stormy altar of Qazlal.
  8879 | D:7      | Found Roucegam's Antique Armour Shoppe.
  9080 | D:4      | Bought Nimaosus's Vellum of the Violent Stinger for 780
                  | gold pieces
  9084 | D:4      | Learned a level 3 spell: Ignite Poison
  9552 | D:8      | Reached skill level 5 in Long Blades
  9613 | D:8      | Reached skill level 4 in Spellcasting
  9755 | D:8      | Noticed a merfolk
  9763 | D:8      | Killed a merfolk
  9882 | D:8      | Reached XP level 10. HP: 56/66 MP: 4/16
 10210 | D:8      | Reached skill level 5 in Dodging
 10589 | D:8      | Reached skill level 5 in Spellcasting
 10648 | D:8      | Identified the +9 battleaxe of the Sea {vamp, rPois rCorr}
 11284 | D:8      | Found a white marble altar of Elyvilon.
 11328 | D:8      | Reached skill level 5 in Poison Magic
 11339 | D:8      | Noticed a two-headed ogre
 11346 | D:8      | Killed a two-headed ogre
 11347 | D:8      | Reached skill level 6 in Spellcasting
 11347 | D:8      | Reached XP level 11. HP: 70/72 MP: 8/20
 11347 | D:8      | Noticed a two-headed ogre
 11370 | D:8      | Killed a two-headed ogre
 12024 | D:9      | Noticed a two-headed ogre
 12453 | D:9      | Found a shadowy altar of Dithmenos.
 12489 | D:9      | Found a blossoming altar of Fedhas.
 12494 | D:9      | Identified the +0 leather armour "Gionuvy" {Harm rC-
                  | Will+++ rCorr}
 12873 | D:9      | Killed a two-headed ogre
 12874 | D:9      | Reached skill level 1 in Shields
 12874 | D:9      | Reached skill level 7 in Spellcasting
 12910 | D:9      | Noticed a deep elf pyromancer
 12955 | D:9      | Reached skill level 1 in Ice Magic
 13291 | D:10     | Entered Level 10 of the Dungeon
 13319 | D:10     | Found a bloodstained altar of Trog.
 13416 | D:10     | Noticed an archer statue
 13458 | D:10     | Found a staircase to the Orcish Mines.
 13850 | D:10     | Noticed Nergalle
 13859 | D:10     | Killed Nergalle
 13860 | D:10     | Reached skill level 5 in Air Magic
 14286 | D:11     | Noticed a cyclops
 14327 | D:11     | Found Jeizxom's Jewellery Shoppe.
 14351 | D:11     | Noticed a cyclops
 14360 | D:11     | Killed a cyclops
 14457 | D:11     | Noticed a two-headed ogre
 14473 | D:11     | Killed a two-headed ogre
 14474 | D:11     | Reached XP level 12. HP: 80/80 MP: 13/23
 14520 | D:11     | Noticed a two-headed ogre
 14534 | D:11     | Killed a two-headed ogre
 14652 | D:11     | Found a staircase to the Lair.
 14837 | D:11     | Reached skill level 8 in Spellcasting
 14985 | D:11     | HP: 1/80 [yak (14)]
 15507 | Lair:1   | Entered Level 1 of the Lair of Beasts
 15529 | Lair:1   | Noticed a skyshark
 15563 | Lair:1   | Found a transporter.
 15581 | Lair:1   | Noticed tatocazan's ghost (novice DsBe)
 15867 | Lair:1   | Found a transporter.
 15957 | D:11     | Bought the ring "Coteved" {EV+5 Int+3} for 739 gold pieces
 15957 | D:11     | Bought the ring of Erphu {Will++ Dex+6} for 855 gold pieces
 16023 | Lair:1   | Learned a level 2 spell: Scorch
 17052 | Lair:2   | Found a transporter.
 17055 | Lair:2   | Noticed Popcorn's ghost (journeyman FoFi)
 17056 | Lair:2   | Found a transporter.
 17063 | Lair:2   | Noticed a death yak
 17088 | Lair:2   | You fall into a shaft and drop 2 floors!
 17359 | Lair:4   | Reached skill level 9 in Spellcasting
 17472 | Lair:3   | Found a staircase to the Swamp.
 17735 | Lair:3   | Noticed a catoblepas
 17745 | Lair:3   | Reached XP level 13. HP: 69/86 MP: 19/26
 18273 | Lair:2   | Noticed Urug
 18298 | Lair:2   | Killed Urug
 20153 | Lair:3   | Found a staircase to the Snake Pit.
 20812 | Lair:3   | Noticed an ice dragon
 20834 | Lair:3   | Killed an ice dragon
 20835 | Lair:3   | Reached skill level 10 in Spellcasting
 20910 | Lair:4   | Reached skill level 5 in Shields
 20912 | Lair:4   | Reached skill level 5 in Fire Magic
 21386 | Lair:3   | Learned a level 2 spell: Searing Ray
 21476 | D:11     | Bought a +4 ring of slaying for 1170 gold pieces
 21512 | Orc:1    | Entered Level 1 of the Orcish Mines
 21659 | Orc:1    | Reached skill level 5 in Ice Magic
 21884 | Orc:1    | You fall into a shaft and drop 1 floor!
 21884 | Orc:2    | Entered Level 2 of the Orcish Mines
 21884 | Orc:2    | Found Juheorov's Magic Scroll Emporium.
 21884 | Orc:2    | Found Exzaceomm's Weapon Emporium.
 21884 | Orc:2    | Found Zoshatas's Armour Boutique.
 21884 | Orc:2    | Found Zumuh's Assorted Antiques.
 21890 | Orc:2    | Bought a +2 hat for 288 gold pieces
 21929 | Orc:2    | Reached XP level 14. HP: 95/95 MP: 21/28
 22346 | Orc:2    | Bought a bubbling coppery potion for 28 gold pieces
 22351 | Orc:2    | Bought a scroll of identify for 36 gold pieces
 22351 | Orc:2    | Bought a scroll of identify for 36 gold pieces
 23014 | Orc:2    | Found Zonk's Distillery.
 23029 | Orc:2    | Bought a potion of magic for 96 gold pieces
 23082 | Orc:2    | Found a staircase to the Elven Halls.
 23544 | D:4      | Bought the Vellum of the Sky and Elsewhere for 800 gold
                  | pieces
 23550 | D:4      | Learned a level 5 spell: Freezing Cloud
 23983 | Lair:4   | Reached skill level 11 in Spellcasting
 24446 | Lair:4   | Found a viscous altar of Jiyva.
 24446 | Lair:4   | Found a staircase to the Slime Pits.
 24788 | Lair:5   | Entered Level 5 of the Lair of Beasts
 25683 | Lair:5   | Found a large runed translucent door.
 25687 | Lair:5   | Found a large runed translucent door.
 26397 | Lair:5   | Reached XP level 15. HP: 101/101 MP: 22/30
 26769 | Lair:5   | Noticed Nessos
 26783 | Lair:5   | Killed Nessos
 26804 | Lair:5   | Reached skill level 12 in Spellcasting
 26961 | Lair:5   | Noticed Kirke
 26979 | Lair:5   | Noticed a sphinx
 26983 | Lair:5   | Killed Kirke
 28092 | D:11     | Bought a +4 ring of protection for 432 gold pieces
 28107 | D:11     | Bought the ring of Caunwuv {rElec Int+2 Dex+6} for 650 gold
                  | pieces
 28773 | D:12     | Slain by a centaur warrior

Illustrated notes

Levels and vault maps discovered:
D:1:      ncdulo_watergridlock, layout_basic,
          hellmonk_ecumenical_altar_dog_temple
D:2:      cheibrodos_fertilizer, layout_basic, supply_closet_lemuel, uniq_robin
D:3:      layout_loops_corners, mainiacjoe_overflow_small_starburst,
          jmf_multi_god_temple
D:4:      layout_layer_cave, serial_shops, nicolae_diamond_shop,
          nicolae_shop_i_like_big_books
D:5:      layout_loops_ring, temple_pool_b, ebering_ghost_sewer_f,
          serial_co_window_serial, co_window_cross_1, co_window_cross_1,
          co_window_paths_a, co_window_of_opportunity_a, co_window_paths_a,
          co_window_corner_b, co_window_of_opportunity_c, co_window_broadway_a,
          co_window_paths_c, co_window_4corner_a, glass_columns_a,
          glass_columns_a, glass_columns_c, chequers_serial_rivers_micro_d,
          uniq_duvessa, uniq_edmund, uniq_pikel
D:6:      layout_loops_ring, nicolae_overflow_crystal_walls, enter_ossuary_3,
          st_stairs_14, uniq_eustachio
D:7:      layout_loops_cross, nicolae_overflow_quartered_altars, serial_shops,
          shop
D:8:      kennysheep_town
D:9:      layout_roguey, mainiacjoe_overflow_cross_hatched,
          mainiacjoe_overflow_alcove_2, chequers_serial_rivers_marsh
D:10:     layout_grid_maze, bloody_trog, david_orc_3,
          minmay_dual_archer_statues, uniq_nergalle
D:11:     layout_long_grid, lair_entry_dummy, serial_shops, shop_coins,
          serial_bayou, serial_bayou_lagoon_b, serial_bayou_pond_e,
          serial_bayou_shore_b, serial_bayou_pond_b
D:12:     minmay_octo_star, layout_irregular_city, serial_shops,
          nicolae_shop_crystal
Temple:   hellmonk_temple_of_storms
Lair:1:   layout_cave_pods, gammafunk_ghost_berserking_beasts, lemuel_fruit_tree
Lair:2:   cheibrodos_lair_river_kwai, layout_misc_corridors,
          gammafunk_ghost_arena, infiniplex_staircase_pool, uniq_urug
Lair:3:   layout_small_grid, minmay_swamp_entry_worms,
          guppyfry_snake_entry_island, portal_ice_cave_entry_animals_and_master,
          eino_small_chamber_without_monster, serial_bayou_pond_b,
          beast_lair_carwin_8
Lair:4:   layout_gridlike, dpeg_slime_entry_enclosed, dpeg_stationary_puzzle
Lair:5:   cheibrodos_lair_end_hotspot, layout_layer_cave,
          infiniplex_staircase_pool_2, serial_bayou_shore_a, uniq_nessos,
          uniq_kirke
Orc:1:    layout_diamond_mine, mines1_david
Orc:2:    grunt_orc_tribal_feast, layout_caves, serial_shops, shop

Skill      XL: |  1  2  3  4  5  6  7  8  9 10 11 12 13 14 15 |
---------------+----------------------------------------------+-----
Stealth        | 7 8 9 |  9.0
Spellcasting   | 1 2 3 4 6 7 9 10 11 12 | 12.1
Translocations | 1 2 3 |  3.3
Long Blades    | 3 4 5 6 7 8 9 |  9.3
Short Blades   | 1 2 3 4 |  4.3
Fighting       | 4 5 6 7 8 9 |  9.6
Dodging        | 3 4 5 6 7 8 9 |  9.0
Throwing       | 1 2 3 |  3.6
Air Magic      | 1 2 3 4 5 6 7 |  7.0
Poison Magic   | 2 3 5 6 7 8 |  8.9
Conjurations   | 1 2 3 4 |  4.9
Transmutations | 1 2 3 4 |  4.9
Fire Magic     | 1 3 4 5 |  5.4
Shields        | 1 3 5 |  5.3
Ice Magic      | 2 3 5 6 |  6.5
Evocations     | |  0.1

Action                     |  1- 3 |  4- 6 |  7- 9 | 10-12 | 13-15 || total
---------------------------+-------+-------+-------+-------+-------++-------
  Melee: Falchion          |    50 |    85 |       |    64 |     3 ||   202
         Tentacles         |    12 |    33 |    37 |    54 |    96 ||   232
         Constrict         |    13 |    29 |    41 |    45 |    68 ||   196
         Dagger            |    14 |    59 |   161 |   129 |   300 ||   663
         Punch             |       |     3 |     5 |     4 |     6 ||    18
  Throw: Boomerang         |       |    14 |    13 |    11 |    67 ||   105
         Dart              |       |     8 |     6 |    10 |       ||    24
         Javelin           |       |       |       |       |     1 ||     1
   Cast: Blink             |       |     1 |     1 |     6 |     8 ||    16
         Poisonous Vapours |       |       |    42 |   191 |   233 ||   466
         Mephitic Cloud    |       |       |     5 |    27 |    45 ||    77
         Ignite Poison     |       |       |     7 |    81 |   131 ||   219
         Freezing Cloud    |       |       |       |       |    31 ||    31
 Invoke: Call Merchant     |       |       |       |       |     1 ||     1
  Evoke: Wand              |       |       |       |       |     3 ||     3
    Use: Scroll            |     1 |     6 |     2 |    10 |    10 ||    29
         Potion            |       |       |       |     2 |     2 ||     4
   Stab: Sleeping          |    17 |    16 |    18 |    18 |     5 ||    74
         Distracted        |       |     5 |     1 |     1 |     7 ||    14
         Confused          |       |       |     1 |    10 |    17 ||    28
 Armour: Skin              |     1 |     8 |    16 |    17 |    21 ||    63
  Dodge: Dodged            |    28 |    54 |    79 |   197 |   278 ||   636
  Block: Buckler           |       |       |       |       |    41 ||    41

Table legend: (Time is in decaauts)
 A = Elapsed time spent in this place.
 B = Non-inter-level travel time spent in this place.
 C = Inter-level travel time spent in this place.
 D = Time resting spent in this place.
 E = Time spent auto-exploring this place.
 F = Levels seen in this place.
 G = Mean time per level.
                   A        B        C        D        E       F      G
               +--------+--------+--------+--------+--------+-----+--------+
         Total |  28730 |  26969 |   1761 |   8494 |   6756 |  21 | 1368.1 |
       Dungeon |  16214 |  14937 |   1277 |   3831 |   4065 |  12 | 1351.2 |
        Temple |     48 |     25 |     23 |      0 |      5 |   1 |   48.0 |
          Lair |  10171 |   9770 |    401 |   4057 |   2212 |   5 | 2034.2 |
  Orcish Mines |   1869 |   1810 |     59 |    567 |    474 |   2 |  934.5 |
       Ossuary |    426 |    426 |      0 |     37 |      0 |   1 |  426.0 |
               +--------+--------+--------+--------+--------+-----+--------+

Top non-repeatable levels by time:
  Lair:5: 2912 daAuts
     D:8: 2771 daAuts
  Lair:3: 2344 daAuts
     D:4: 2129 daAuts
     D:5: 2048 daAuts
  Lair:2: 1810 daAuts
  Lair:4: 1705 daAuts
     D:3: 1493 daAuts
    D:11: 1426 daAuts
  Lair:1: 1398 daAuts
   Orc:2: 1365 daAuts
     D:2: 1355 daAuts
    D:10: 1314 daAuts
     D:9: 1224 daAuts
     D:1: 827 daAuts
